 Dungeon Crawl Stone Soup version 0.31.0-11-ge490571c62 (webtiles) character file.

Game seed: 5285504202539553247

20 qw the Shooter (level 2, -4/14 HPs)
             Began as a Spriggan Hunter on Feb 4, 2024.
             Slain by a hobgoblin (5 damage)
             ... on level 1 of the Dungeon.
             The game lasted 00:00:01 (136 turns).

qw the Shooter (Spriggan Hunter)                     Turns: 136, Time: 00:00:01

Health: -4/14      AC:  2    Str:  7    XL:     2   Next: 58%
Magic:  3/3        EV: 19    Int: 10    God:
Gold:   30         SH:  0    Dex: 18    Spells: 1/1 levels left

rFire   . . .        a - +0 shortbow
rCold   . . .        (shield currently unavailable)
rNeg    . . .        c - +0 robe
rPois   .            (helmet restricted)
rElec   .            (no cloak)
rCorr   .            (gloves unavailable)
SInv    +            (boots unavailable)
Will    .....        (no amulet)
Stlth   ++           (no ring)
HPRegen 0.22/turn    (no ring)
MPRegen 0.08/turn

%: no passive effects
@: lethally poisoned (-4 -> -5), very quick
A: very small, no large weapons, unfitting armour, see invisible, speed 3
a: no special abilities


You were on level 1 of the Dungeon.
You visited 1 branch of the dungeon, and saw 1 of its levels.

You collected 30 gold pieces.


Innate Abilities, Weirdness & Mutations

You are very small and have problems with some larger weapons.
You are too small for most types of armour.
You have supernaturally acute eyesight. (SInv)
You cover ground extremely quickly. (Speed+++)


   Skills:
 - Level 1.5 Fighting
 + Level 4.2 Ranged Weapons
 - Level 4.0 Dodging
 - Level 1.5 Stealth


You had one spell level left.
You didn't know any spells.
Your spell library was empty.

Inventory:

Hand Weapons
 a - a +0 shortbow (weapon)
Armour
 c - a +0 robe (worn)
 f - a +0 cloak
Scrolls
 b - a scroll of butterflies
Potions
 d - a potion of degeneration {unknown}
 e - 2 potions of curing {unknown}

Dungeon Overview and Level Annotations

Branches:
Dungeon (1/15)

Altars:


Message History

The goblin is wielding a +1 dagger of venom.
Found 12 gold pieces.
The goblin shouts!
You hear an angry hiss. x2
You shoot an arrow. The arrow hits the goblin.
The goblin is heavily wounded.
A ball python comes into view.
You shoot an arrow. The arrow hits the dart slug.
The dart slug is heavily wounded.
You shoot an arrow. The arrow closely misses the goblin.
A hobgoblin comes into view.
The goblin closely misses you.
You shoot an arrow. The arrow closely misses the goblin.
The goblin hits you with a +1 dagger of venom.
You are lethally poisoned!
You shoot an arrow. The arrow hits the goblin.
You kill the goblin!
You feel very sick.
A bat comes into view.
The bat moves out of view.
You shoot an arrow. The arrow hits the dart slug.
The dart slug is severely wounded.
You feel sick.
The ball python misses you. x2; The dart slug barely misses you.
The ball python misses you. The ball python grabs you.
The ball python constricts you.
You shoot an arrow. The arrow hits the ball python.
You kill the ball python!
You feel sick. The dart slug launches a dart at you. The slug dart misses you.
You shoot an arrow.
The arrow hits the dart slug but does no damage.
The dart slug is severely wounded.
You feel sick. The dart slug closely misses you.
You shoot an arrow. The arrow hits the dart slug!
You kill the dart slug!
You feel sick.
You shoot an arrow. The arrow hits the hobgoblin.
The hobgoblin is lightly wounded.
You feel sick. The hobgoblin hits you.
You die...

#############
............#
##.###.###.#
#.##...##@#%#
#.#......%gb....$
##.###.#....#...##...#
.......#.#.##...# ..
#.....%........##.
#.###.#.#.........
#.#.#........
#.#.#.##..##.#
#....%....##.#


You could see a hobgoblin and a bat.

Vanquished Creatures
  2 dart slugs (D:1)
  2 ball pythons (D:1)
  A giant cockroach (D:1)
  3 goblins (D:1)
  A hobgoblin (D:1)
  2 frilled lizards (D:1)
  A kobold (D:1)
  4 rats (D:1)
16 creatures vanquished.

Notes
Turn   | Place    | Note
-------+----------+-------------------------------------------
     0 | D:1      | qw the Spriggan Hunter began the quest for the Orb.
     0 | D:1      | Reached XP level 1. HP: 10/10 MP: 2/2
     0 | D:1      | 0 ||| qw: Version: 0.3-a-160-g6735b56
     0 | D:1      | 0 ||| qw: Game counter: 5904
     0 | D:1      | 0 ||| qw: Melee chars always use a shield: true
     0 | D:1      | 0 ||| qw: God list: Okawaru
     0 | D:1      | 0 ||| qw: Allow faded altars: false
     0 | D:1      | 0 ||| qw: Do Orc after clearing Dungeon:15 true
     0 | D:1      | 0 ||| qw: Do second Lair branch before Depths: true
     0 | D:1      | 0 ||| qw: Lair rune preference: random
     0 | D:1      | 0 ||| qw: Goals: Normal
     0 | D:1      | 0 ||| PLANNING D:1-11
    33 | D:1      | Reached skill level 3 in Dodging
    52 | D:1      | Reached XP level 2. HP: 14/14 MP: 3/3
   133 | D:1      | HP: 3/14 [poisoned by a goblin]
   136 | D:1      | HP: 1/14 [poisoned by a goblin]
   136 | D:1      | Slain by a hobgoblin

Levels and vault maps discovered:
D:1:      psy_arrival_statuary, layout_loops_ring, minmay_large_rounded_square,
          minmay_pentomino_u4

Skill      XL: |  1  2 |
---------------+-------+-----
Dodging        | 3 4 |  4.0
Fighting       | |  1.5
Ranged Weapons | |  4.2
Stealth        | |  1.5

Action                     || total
---------------------------++-------
   Fire: Shortbow          ||    39
 Armour: Robe              ||     3
  Dodge: Dodged            ||    17

Table legend:
 A = Non-vault XP
 B = Vault XP
 C = Vault XP percentage of total XP
 D = Non-vault monster count
 E = Vault monster count
 F = Vault count percentage of total count
                 A         B        C        D         E       F
            +---------+---------+-------+---------+---------+-------
      Total |      21 |       8 |  27.6 |      13 |       3 |  18.8
            +---------+---------+-------+---------+---------+-------
        D:1 |      21 |       8 |  27.6 |      13 |       3 |  18.8
            +---------+---------+-------+---------+---------+-------
